 Dungeon Crawl Stone Soup version 0.22-a0-880-gb7b0c8b (webtiles) character file.

81 Kuinu the Grasshopper (level 4, -5/38 HPs)
             Began as a Draconian Warper on July 30, 2018.
             Killed by divine providence
             ... invoked by an orc priest
              (11 damage)
             ... on level 3 of the Dungeon.
             The game lasted 00:09:26 (1911 turns).

Kuinu the Grasshopper (Draconian Warper)            Turns: 1911, Time: 00:09:27

Health: -5/38      AC:  5    Str: 14    XL:     4   Next: 19%
Magic:  1/7        EV: 12    Int: 14    God:
Gold:   91         SH:  0    Dex: 10    Spells: 0/7 levels left

rFire    . . .     SeeInvis .   a - +0 falchion
rCold    . . .     Gourm    .   (no shield)
rNeg     . . .     Faith    .   (armour unavailable)
rPois    .         Spirit   .   (helmet restricted)
rElec    .         Reflect  .   (no cloak)
rCorr    .         Harm     .   (no gloves)
MR       .....                  (no boots)
Stlth    +.........             (no amulet)
HPRegen  0.12/turn              (no ring)
MPRegen  0.10/turn              (no ring)

@: no status effects
A: unfitting armour, cold-blooded, AC +5
a: no special abilities


You were on level 3 of the Dungeon.
You were very hungry.

You visited 1 branch of the dungeon, and saw 3 of its levels.

You collected 91 gold pieces.

Inventory:

Hand Weapons
 a - a +0 falchion (weapon)
Missiles
 d - 5 tomahawks of dispersal (quivered)
Jewellery
 m - an uncursed amulet of the acrobat {unknown}
Scrolls
 c - a scroll of blinking
 g - a scroll of identify {unknown}
 h - 2 scrolls of remove curse {unknown}
 j - a scroll of immolation {unknown}
 l - a scroll of amnesia {unknown}
Potions
 b - a potion of brilliance {unknown}
 e - a potion of ambrosia {unknown}
 i - a potion of agility {unknown}
 k - 2 potions of heal wounds {unknown}
 n - a potion of curing {unknown}
 o - a potion of might {unknown}
Comestibles
 f - 5 rations


   Skills:
 * Level 3.1 Fighting
 * Level 3.0 Long Blades
 - Level 0.8 Throwing
 + Level 2.5 Dodging
 + Level 2.4 Spellcasting
 * Level 3.2 Translocations


You couldn't memorise any spells.
You knew the following spells:

 Your Spells              Type           Power        Failure   Level  Hunger
a - Shroud of Golubria    Chrm/Tloc      #.........   19%         2    ###....
b - Blink                 Tloc           N/A          9%          2    ###....
c - Gell's Gravitas       Tloc           ##........   19%         3    ###....

Your spell library contained the following spells:

 Spells                   Type           Power        Failure   Level  Hunger
 Teleport Other           Tloc           ##......     19%         3    ###....
 Passage of Golubria      Tloc           N/A          52%         4    #####..
 Lesser Beckoning         Tloc           ##........   19%         3    ###....


Dungeon Overview and Level Annotations

Branches:
Dungeon (3/15)

Altars:
Elyvilon


Innate Abilities, Weirdness & Mutations

Your plain brown scales are hard. (AC +5)
You cannot fit into any form of body armour.
You are cold-blooded and may be slowed by cold attacks.


Message History

The orc priest hits you but does no damage.
Your shroud bends the orc priest's attack away.
You completely miss the orc priest.
The orc priest is lightly wounded.
The orc priest barely misses you.
You riposte.
You hit the orc priest.
You tail-slap the orc priest, but do no damage.
The orc priest is moderately wounded.
You hit the orc priest.
Your tail-slap misses the orc priest.
The orc priest is heavily wounded.
Your shroud unravels.
The orc priest hits you with a dagger.
* * * LOW HITPOINT WARNING * * *
You hit the orc priest but do no damage.
The orc priest is heavily wounded.
The orc priest closely misses you.
You closely miss the orc priest.
The orc priest is heavily wounded.
The orc priest calls down the wrath of Beogh upon you.
Beogh smites you!
You die...

... ... .. .#! #..#
......# #..##
.#.##.## #...
.......## #..# #
#...... #..#
#.#.##..#########..#
##.#.##.........@oo.#
.....##...########.##
..........### ###.#
##.##...o.o.# #..!# #
#.#####.# #.#.# #.#
#.####o#.# ..#
#.o..o...# .#.#
#.####.###
.##.#####.# #.#


You could see an orc priest and an orc.

Vanquished Creatures
  2 adders (D:2)
  A worm (D:2)
  3 dart slugs
  2 leopard geckos (D:2)
  An orc (D:3)
  3 giant cockroaches
  7 goblins
  6 hobgoblins
  12 kobolds
  6 bats
  3 frilled lizards
  2 rats
48 creatures vanquished.

Notes
Turn   | Place    | Note
-------+----------+-------------------------------------------
     0 | D:1      | Kuinu the Draconian Warper began the quest for the Orb.
     0 | D:1      | Reached XP level 1. HP: 17/17 MP: 3/3
    87 | D:1      | Reached XP level 2. HP: 25/25 MP: 5/5
   228 | D:1      | Learned a level 2 spell: Shroud of Golubria
   231 | D:1      | Learned a level 2 spell: Blink
   560 | D:1      | Reached XP level 3. HP: 26/30 MP: 6/6
  1444 | D:2      | Reached XP level 4. HP: 17/38 MP: 1/7
  1576 | D:2      | Learned a level 3 spell: Gell's Gravitas
  1698 | D:2      | Found a white marble altar of Elyvilon.
  1911 | D:3      | Killed from afar by an orc priest

Vault maps used:
D:1:      dpeg_arrival_arbitrary_b, grunt_decor_clamped, hex_intersection,
          minmay_misc_feat_five
D:2:      marbit_many_paths, first_ration
D:3:      lemuel_doored_altar, minmay_misc_feat_doors, fedhas_altar_fruit_tree

Skill      XL: |  1  2  3  4 |
---------------+-------------+-----
Fighting       | 3 |  3.1
Long Blades    | 3 |  3.0
Throwing       | |  0.8
Dodging        | |  2.5
Spellcasting   | |  2.4
Translocations | |  3.2

Action                   |  1- 3 |  4- 6 || total
-------------------------+-------+-------++-------
Melee: Falchion          |   100 |    30 ||   130
       Tailslap          |    17 |     3 ||    20
 Cast: Shroud of Golubri |     2 |     1 ||     3
       Blink             |     1 |     2 ||     3
       Gell's Gravitas   |       |     1 ||     1
 Stab: Sleeping          |     1 |       ||     1
  Eat: Chunk             |     2 |     1 ||     3
Armor: Skin              |    27 |     5 ||    32
Dodge: Dodged            |    83 |    25 ||   108
       Rpst.: Falchion   |    32 |     7 ||    39

Table legend:
 A = Spawn XP
 B = Non-spawn XP
 C = Spawn XP percentage of total XP
 D = Spawn monster count
 E = Non-spawn monster count
 F = Spawn count percentage of total count
 G = Total turns spent on level
                    A         B        C        D         E        F      G
               +---------+---------+-------+---------+---------+-------+---------
         Total |       0 |     116 |   0.0 |       0 |      48 |   0.0 |  1911
               +---------+---------+-------+---------+---------+-------+---------
           D:1 |       0 |      46 |   0.0 |       0 |      26 |   0.0 |   811
           D:2 |       0 |      65 |   0.0 |       0 |      20 |   0.0 |  1030
           D:3 |       0 |       5 |   0.0 |       0 |       2 |   0.0 |    70
               +---------+---------+-------+---------+---------+-------+---------
